 Dungeon Crawl Stone Soup version 0.18.1-47-g9310371 (webtiles) character file.

1616 sugabear the Ducker (level 8, -5/42 HPs)
             Began as a Vine Stalker Gladiator on June 16, 2016.
             Was a Follower of the Shining One.
             Killed from afar by an electric eel (10 damage)
             ... with a bolt of electricity
             ... on level 6 of the Dungeon.
             The game lasted 00:07:54 (4787 turns).

sugabear the Ducker (Vine Stalker Gladiator)        Turns: 4787, Time: 00:07:55

Health: -5/42      AC:  7    Str: 20    XL:     8   Next: 96%
Magic:  0/11       EV: 14    Int:  8    God:    the Shining One [*.....]
Gold:   305        SH:  0    Dex: 15    Spells: 0 memorised, 7 levels left

rFire  . . .     SeeInvis .     r - +2 short sword (speed)
rCold  . . .     Gourm    .     i - +0 ring mail
rNeg   . . .     Faith    .     (no shield)
rPois  .         Spirit   +     c - +0 helmet
rElec  .         Dismiss  .     (no cloak)
rCorr  .         Reflect  .     (no gloves)
SustAt .         Harm     .     (no boots)
MR     +....                    (no amulet)
Stlth  +.........               (no ring)
                                (no ring)

@: glowing, somewhat resistant to hostile enchantments, very unstealthy
A: fangs 3, regeneration 2, magic shield, antimagic bite, no device heal 3, rot
immunity
a: Renounce Religion


You were on level 6 of the Dungeon.
You worshipped the Shining One.
The Shining One was aware of your devotion.
You were not hungry.

You visited 2 branches of the dungeon, and saw 7 of its levels.

You collected 344 gold pieces.
You spent 39 gold pieces at shops.

Inventory:

Hand Weapons
 a - a +0 long sword
 j - a +0 dagger of speed
 r - a +2 short sword of speed (weapon)
 v - a +1 dagger of holy wrath
Missiles
 d - 2 throwing nets (quivered)
Armour
 c - a +0 helmet (worn)
 i - a +0 ring mail (worn)
Jewellery
 k - a cursed -3 ring of intelligence {unknown}
 m - an uncursed ring of positive energy {unknown}
 w - a +3 ring of slaying {unknown}
 x - an uncursed ring of wizardry {unknown}
 D - an uncursed ring of protection from magic {unknown}
Wands
 A - a wand of iceblast (2/15)
 H - a wand of paralysis (12/24)
Scrolls
 b - 7 scrolls of identify {unknown}
 g - 3 scrolls of noise {unknown}
 l - 5 scrolls of teleportation {unknown}
 t - a scroll of fear {unknown}
 u - a scroll of enchant weapon {unknown}
 y - 2 scrolls of enchant armour {unknown}
 z - a scroll of random uselessness {unknown}
 F - 3 scrolls of remove curse {unknown}
 J - a scroll of holy word {unknown}
Potions
 e - a potion of flight {unknown}
 n - 2 potions of agility {unknown}
 p - a potion of degeneration {unknown}
 q - 8 potions of curing
 C - a potion of heal wounds {unknown}
 E - a potion of lignification {unknown}
 I - a potion of invisibility {unknown}
 K - a potion of haste {unknown}
Comestibles
 f - 6 bread rations
 h - 2 beef jerkies
 o - 4 fruits
 s - 2 meat rations
 B - 2 royal jellies
 G - 8 chunks of flesh


   Skills:
 + Level 4.0 Fighting
 + Level 3.6(4.4) Short Blades
 + Level 3.6(4.4) Long Blades
 + Level 2.0 Throwing
 + Level 4.0 Armour
 + Level 5.4 Dodging
 + Level 2.3 Stealth
 * Level 3.0 Invocations
 + Level 0.3 Evocations


You had 7 spell levels left.
You didn't know any spells.

Dungeon Overview and Level Annotations

Branches:
Dungeon (6/15)             Temple (1/1) D:5

Altars:
Ashenzari
Cheibriados
Dithmenos
Elyvilon
Fedhas
Gozag
Kikubaaqudgha
Makhleb
Nemelex Xobeh
Okawaru
Pakellas
Qazlal
Ru
Sif Muna
Trog
Vehumet
Xom
Yredelemnul
The Shining One

Shops:
D:6 !


Innate Abilities, Weirdness & Mutations

You have razor-sharp teeth.
You heal very quickly.
When hurt, damage is shared between your health and your magic reserves.
Your bite disrupts and absorbs the magic of your enemies.
Potions and wands cannot restore your health.
You are immune to rotting.


Message History

HP restored.
Unknown command.
The electric eel shoots out a bolt of lightning at you!
The bolt of electricity hits you!
The electric eel shoots out a bolt of lightning at you!
The bolt of electricity hits you! x2
The bolt of electricity hits the electric eel.
The electric eel completely resists.
The bolt of electricity hits the plant.
Unknown command.
The electric eel shoots out a bolt of lightning at you!
The bolt of electricity hits you!
* * * LOW HITPOINT WARNING * * *
The electric eel shoots out a bolt of lightning at you!
The bolt of electricity hits you!
* * * LOW HITPOINT WARNING * * *
Unknown command.
Unknown command.
The electric eel shoots out a bolt of lightning at you!
The bolt of electricity hits you!
You die...

#†#.#<......##......#........
#####.#.......#.#.......###......
#.....♣♣≈##...#.#.......# #......
#.###≈≈♣≈P#...#.#.#########......
#.# ♣≈≈≈≈♣♣≈.....................
#.♣♣♣♣≈≈≈≈♣P≈...#.####...........
#.≈♣ ≈≈♣≈≈≈≈...#.# #...........
..≈P≈≈≈≈P≈PP≈≈.##.# #......###..
#♣≈≈≈P≈≈≈≈≈≈♣;..@.# #......# ###
≈≈≈≈≈≈≈≈P≈PP.#### #......#
≈≈≈;≈≈≈≈P≈♣;## #......#
≈P≈≈≈≈≈≈♣P≈≈ #......# P≈≈≈≈≈≈
≈≈≈♣ ##...### ## ≈P≈≈≈≈≈≈≈≈≈
#...# #. ≈≈≈P≈ ##### #. ≈≈≈≈≈
#####. #.....


You could see 2 electric eels.

Vanquished Creatures
  An orc warrior (D:6)
  3 phantoms
  2 ogres
  2 centaurs (D:6)
  2 scorpions (D:4)
  2 howler monkeys
  A centaur zombie (D:5)
  A hound (D:6)
  2 orc priests
  An iguana (D:4)
  5 orc wizards
  6 worker ants
  2 hound skeletons
  Robin (D:3)
  4 gnolls
  A howler monkey skeleton (D:4)
  10 adders
  An ooze (D:3)
  An adder skeleton (D:6)
  3 dart slugs
  3 giant geckos
  19 orcs
  6 giant cockroaches
  13 goblins
  19 hobgoblins
  10 jackals
  5 quokkas
  A ball python (D:1)
  9 bats
  5 giant newts
  A jackal skeleton (D:4)
  6 kobolds
  11 rats
159 creatures vanquished.

Vanquished Creatures (others)
  5 sheep (D:5)
5 creatures vanquished.

Grand Total: 164 creatures vanquished

Notes
Turn   | Place    | Note
--------------------------------------------------------------
     0 | D:1      | sugabear the Vine Stalker Gladiator began the quest for the Orb.
     0 | D:1      | Reached XP level 1. HP: 11/11 MP: 2/2
   205 | D:1      | Reached XP level 2. HP: 7/15 MP: 1/3
   760 | D:1      | Reached XP level 3. HP: 18/18 MP: 4/4
   810 | D:1      | You fall through a shaft!
   890 | D:2      | Reached skill level 3 in Dodging
  1174 | D:2      | Found a deep blue altar of Sif Muna.
  1299 | D:2      | Reached XP level 4. HP: 23/23 MP: 5/5
  1716 | D:3      | Reached skill level 1 in Armour
  1858 | D:3      | Reached XP level 5. HP: 22/26 MP: 4/6
  1939 | D:3      | Noticed Robin
  1946 | D:3      | Killed Robin
  2117 | D:3      | Reached skill level 1 in Stealth
  2117 | D:3      | Gained mutation: You heal very quickly. [Vine Stalker growth]
  2117 | D:3      | Reached XP level 6. HP: 4/32 MP: 5/7
  2442 | D:3      | Reached skill level 1 in Short Blades
  2834 | D:4      | Reached skill level 4 in Dodging
  2886 | D:4      | Noticed a phantom
  2888 | D:4      | Noticed a phantom
  2896 | D:4      | Found a shadowy altar of Dithmenos.
  2903 | D:4      | Found an opulent altar of Gozag.
  2904 | D:4      | Found an oddly glowing altar of Pakellas.
  2904 | D:4      | Found a basalt altar of Yredelemnul.
  2904 | D:4      | Found a glowing golden altar of the Shining One.
  2904 | D:4      | Found an iron altar of Okawaru.
  2904 | D:4      | Found an ancient bone altar of Kikubaaqudgha.
  2905 | D:4      | Found a sacrificial altar of Ru.
  2908 | D:4      | Found a blossoming altar of Fedhas.
  2909 | D:4      | Found a shattered altar of Ashenzari.
  2914 | D:4      | Became a worshipper of the Shining One
  2939 | D:4      | Killed a phantom
  2939 | D:4      | Reached skill level 1 in Invocations
  2939 | D:4      | Reached XP level 7. HP: 25/35 MP: 5/8
  3308 | D:5      | Entered Level 5 of the Dungeon
  3453 | D:5      | Found a staircase to the Ecumenical Temple.
  3463 | Temple   | Entered the Ecumenical Temple
  3540 | D:5      | Gained mutation: You have razor-sharp teeth. [Vine Stalker growth]
  3540 | D:5      | Reached XP level 8. HP: 23/40 MP: 10/10
  4053 | D:5      | Found a shimmering altar of Xom.
  4053 | D:5      | Reached * piety under the Shining One
  4335 | D:6      | Reached skill level 5 in Dodging
  4521 | D:6      | Found Ytogiwul's Distillery.
  4559 | D:6      | Bought a potion of curing for 39 gold pieces
  4787 | D:6      | Killed from afar by an electric eel

Skill      XL: |  1  2  3  4  5  6  7  8 |
---------------+-------------------------+-----
Throwing       | 2 |  2.0
Long Blades    | 3 |  3.6
Dodging        | 3 4 5 |  5.4
Armour         | 1 2 3 4 |  4.0
Fighting       | 2 3 4 |  4.0
Stealth        | 1 2 |  2.3
Short Blades   | 1 2 3 |  3.6
Invocations    | 1 3 |  3.0
Evocations     | |  0.3

Action                   |  1- 3 |  4- 6 |  7- 9 || total
-------------------------+-------+-------+-------++-------
Melee: Long sword        |    79 |    13 |       ||    92
       Bite              |    23 |    86 |    82 ||   191
       Short sword       |       |   251 |   218 ||   469
Throw: Throwing net      |       |     2 |       ||     2
Evoke: Wand              |       |       |     2 ||     2
 Stab: Held in net/web   |       |     1 |       ||     1
  Eat: Chunk             |     1 |     6 |     6 ||    13
Armor: Ring mail         |    23 |    56 |    57 ||   136
Dodge: Dodged            |    54 |   108 |   123 ||   285
